AoeStats
← testa

Arabia

503796233Analyzed
1v1 RM · 29d ago on Sep 2, 2026· 36m 43s· 2 players
Game mode
Random Map
Map size
Tiny (2 player)
Population
200
Speed
Normal
Resources
Standard
Victory
Conquest
Starting age
Dark Age
Ending age
Imperial Age
RankedLock teamsTeams togetherTeam positionsShared explorationLock speedFull tech treeHidden civsTurbo modeCheats
Victory
Defeat
🇮🇹 Japanese · Italy
871
+17
🇦🇺 Bohemians · Australia
893
-17
testa
11:00 Feudal Age
11:16 Man-at-Arms
11:51 Double-Bit Axe
12:22 Horse Collar
13:13 Loom
22:11 Castle Age
20:39 Scale Mail Armor
20:49 Forging
22:35 Long Swordsman
23:00 Gambesons
23:54 Bow Saw
24:03 Chain Mail Armor
23:52 Heavy Plow
23:59 Squires
26:13 Gold Mining
28:42 Gold Shaft Mining
29:51 Stone Mining
30:00 Fletching
33:12 Bodkin Arrow
35:12 Iron Casting
36:17 Arson
xXTiroNoChakraXx
4:14 Loom
10:52 Feudal Age
21:12 Castle Age
19:49 Fletching
21:49 Crossbowman
27:57 Bodkin Arrow
29:50 Padded Archer Armor
Connection lost

Rejoining the realm…

Still unreachable

The connection could not be restored.

Session expired

The server has moved on; the page needs a fresh start.